Description

This build is 9 DT, not 8, not 10, it is 9 DT because you are trying to snipe all 3 bases as the same time! When executing the build most important things are spotting all three hatcheries with a probe so you can right click them, putting down third and fourth gases immediately after the DT shrine goes down! Its 9 DT because 3 DT's kill a hatchery before an overseer has time to morph, so 3 on each base = 3 dead bases, honestly this build is pretty viable!

VOD

https://www.youtube.com/watch?v=Ik_nO2GC9FM

Replay - Chris vs Cookiejar 9dt build!!

Build Order

Get SALT Encoding   

  14  0:20  Pylon  
  17  1:00  Nexus  
  17  1:10  Gateway  
  20  1:26  Assimilator x2  
  21  1:42  Pylon  start mining gas
  22  2:03  Cybernetics Core  
  26  2:30  Zealot  
  30  2:50  Warp Gate, Mothership Core  
  32  3:00  Stalker  
  32  3:01  Pylon  PROXY PYLON TO MAKE DT SHRINE+TWILIGHT
  38  3:19  Twilight Council  this might've been a tad late this game, could get before msc + stalker if you want
  47  3:58  Gateway x2  making probes throughout the entire game
  47  4:01  Dark Shrine  double gases IMMEDIATELY after dropping this (3rd and 4th)
  47  4:09  Assimilator x2  
  52  4:30  Gateway x6  start putting down the rest of your gateways till you have 9
  55  5:22  Robotics Facility  Optional: disruptors can save if you don't get much done with DTS (although you will..)
  56  5:47  Dark Templar x9  3 to each base, kill 3 bases at same time, win the game
  75  6:00  Unknown  if fails move onto disruptors and a third, you can still win the game this way!
Spawning Tool Build Advisor. Get it on Overwolf

Analysis

This is a build that has sucess even in my GM level games, I believe you can have success too and if they are sleeping you can snipe the spore with 3 dts and then kill the hatcheries, it's so many DT's its easy to panic! Go have some fun with this build its awesome!

Build is strongest on maps where you can hide DT shrine

Go to:

Details

  • Created by: Mcanning      
  • Published on: Nov 27, 2015
  • Modified on: Dec 12, 2015
  • Patch: Pre-3.8.0
Show
View Real Time Build Order
Export as new Build Order

Comments (6)

On Dec. 12, 2015, 2:08 p.m., StoicLoofah  said:

Just updated timings for a few steps, so you should have a SALT encoding now

On Dec. 12, 2015, 8:25 a.m., Drekkonis  said:

No SALT ? :(

On Dec. 5, 2015, 1:06 a.m., Dutchy  said:

Hey man, after asking in your live chat on twitch whether I should post my attempt at the 9DT build you mentioned that you wanted me to put it on your youtube video of this build and also this discussion on Spawningtool so here it is! Thanks again for the awesome builds man, you make the game 100x more fun for me! https://www.youtube.com/watch?v=fjI2OZLa-t0

On Dec. 2, 2015, 9:19 p.m., Actiondan  said:

This is a pure gm build. No low ranks will let you slide with this. It's a BS build for gold and lower because the standard open is a 6pool. So no thank you.

On Nov. 28, 2015, 2:25 p.m., Mcanning  said:

I would say initially less successful because I didn't get them until more waves, usually the first wave goes better and you can snipe 2/3 bases! Although after all the waves it went about right!

On Nov. 27, 2015, 4:47 p.m., StoicLoofah  said:

"Even when I lose, it wins." The way you hype up this build in the video is hilarious.

So would you say that the Hatchery sniping in the video was more or less successful than it usually is?

Create an account to comment!